[Event "Team 45 45 League T55"]
[Site "Internet Chess Club"]
[Date "2012.11.19"]
[Round "1"]
[White "RD1974"]
[Black "almond123"]
[Result "1-0"]
[WhiteElo "1697"]
[BlackElo "1437"]
[Opening "Bishop's opening: Berlin defense"]
[ECO "C24"]
[Time "17:00:17"]
[TimeControl "2700+45"]

1. e4 e5 2. Bc4 Nf6 3. d3 Nc6 4. Nc3 Bc5 5. f4 O-O 6. a3 d6 7. f5 Nd7 8. Nf3 Qf6
9. Bg5 Qxg5 10. Nxg5 h6 11. Nf3 Nf6 12. Nh4 h5 13. Ng6 Rd8 14. h3 d5 15. Nxd5
Nxd5 16. Bxd5 Nd4 17. c3 Bxf5 18. Nxe5 Ne6 19. Qxh5 g6 20. Qh6 c6 21. Bxe6 Bxe6
22. Nxg6 fxg6 23. Qxg6+ Kf8 24. Qxe6 Be7 25. O-O+ Ke8 26. Rf7 Rd7 27. Raf1 Kd8
28. Rf8+ Bxf8 29. Rxf8+ Kc7 30. Rxa8 Rd4 {Black resigns} 1-0

[Event "Team 45 45 League T55"]
[Site "Internet Chess Club"]
[Date "2012.11.18"]
[Round "1"]
[White "DouDou"]
[Black "amicusUK"]
[Result "1/2-1/2"]
[WhiteElo "1617"]
[BlackElo "1635"]
[Opening "Pirc: Ufimtsev-Pytel variation"]
[ECO "B07"]
[Time "14:00:26"]
[TimeControl "2700+45"]

1. e4 d6 2. d4 Nf6 3. Nc3 c6 4. Nf3 Bg4 5. h3 Bh5 6. Bc4 e6 7. O-O Be7 8. Bf4
O-O 9. Qd3 Nbd7 10. Rfe1 Bg6 11. Nh4 d5 12. Nxg6 hxg6 13. Bb3 dxe4 14. Nxe4 Nxe4
15. Rxe4 Nf6 16. Re3 Nh5 17. Be5 Bg5 18. Rf3 Bf6 19. Bxf6 Nxf6 20. Re1 Qc7 21.
Re5 Rfe8 22. Rg5 Nd5 23. Qe4 f5 24. Qh4 Kf7 25. Qh7 Nf4 26. Rxf4 Qxf4 27. Qxg6+
Ke7 28. Qxg7+ Kd6 29. Rg6 Qc1+ 30. Kh2 Qf4+ 31. Kg1 Qc1+ 32. Kh2 Qf4+ 33. Rg3
Rg8 34. Qf7 Rge8 35. Qf6 Re7 36. Kg1 Qc1+ 37. Kh2 Qf4 38. Kg1 Qc1+ 39. Kh2 Qf4
40. Kg1 Qc1+ 41. Kh2 Qf4 {Game drawn by repetition} 1/2-1/2

[Event "Team 45 45 League T55"]
[Site "Internet Chess Club"]
[Date "2012.11.17"]
[Round "1"]
[White "palm47"]
[Black "ilovechess"]
[Result "0-1"]
[WhiteElo "1467"]
[BlackElo "1577"]
[Opening "Two knights defense"]
[ECO "C55"]
[Time "20:00:26"]
[TimeControl "2700+45"]

1. e4 e5 2. Nf3 Nc6 3. d4 exd4 4. Bc4 Nf6 5. O-O Be7 6. e5 Ng4 7. Re1 Bc5 8. h3
Nh6 9. Bg5 Ne7 10. Nxd4 d5 11. exd6 Bxd6 12. Bxh6 gxh6 13. Qh5 Rf8 14. Bb5+ c6
15. Nxc6 bxc6 16. Bxc6+ Bd7 17. Bxa8 Qxa8 18. Qxh6 Rg8 19. g4 Bxg4 {White
resigns} 0-1

[Event "Team 45 45 League T55"]
[Site "Internet Chess Club"]
[Date "2012.11.16"]
[Round "1"]
[White "Bluecat"]
[Black "iGive2Bucks"]
[Result "1-0"]
[WhiteElo "1849"]
[BlackElo "1629"]
[Opening "Polish (Sokolsky) opening"]
[ECO "A00"]
[Time "14:22:19"]
[TimeControl "2700+45"]

1. b4 Nf6 2. Bb2 e6 3. b5 d5 4. Nf3 Bd7 5. e3 a6 6. a4 axb5 7. axb5 Rxa1 8. Bxa1
c5 9. c4 Bd6 10. Be2 O-O 11. O-O dxc4 12. Bxc4 Nd5 13. d3 Qa5 14. Nc3 Nxc3 15.
Qd2 Bxb5 16. Bxc3 Qa6 17. Ra1 Qc6 18. Bxg7 Kxg7 19. Qb2+ f6 20. Bxb5 Qb6 21. Rb1
Rf7 22. Qa2 Re7 23. Bc4 Qc6 24. d4 Na6 25. d5 Qc7 26. dxe6 Nb4 27. Qa4 b6 28.
Nh4 Kf8 29. Nf5 Re8 30. Rd1 Rd8 31. Nxd6 Rxd6 32. Rxd6 Qxd6 33. Qa7 Ke8 34. Bb5+
Nc6 35. Bxc6+ Qxc6 36. Qf7+ Kd8 37. e7+ {Black resigns} 1-0

[Event "Team 45 45 League T55"]
[Site "Internet Chess Club"]
[Date "2012.11.20"]
[Round "1"]
[White "AVEMARIA"]
[Black "clarinetref"]
[Result "1/2-1/2"]
[WhiteElo "1689"]
[BlackElo "1700"]
[Opening "Sicilian: Alapin's variation (2.c3)"]
[ECO "B22"]
[Time "17:01:06"]
[TimeControl "2700+45"]

1. e4 c5 2. c3 Nf6 3. e5 Nd5 4. Nf3 e6 5. Bc4 Nb6 6. Bb3 c4 7. Bc2 Nc6 8. O-O d6
9. exd6 Bxd6 10. Re1 Qc7 11. Qe2 Bd7 12. d4 cxd3 13. Bxd3 Ne7 14. Nbd2 Nbd5 15.
Ne4 Bf4 16. g3 Bxc1 17. Raxc1 Bc6 18. Bb5 a6 19. Bxc6+ Nxc6 20. c4 Nde7 21. Red1
O-O 22. a3 Rad8 23. b4 Nf5 24. Qb2 Rxd1+ 25. Rxd1 Rd8 26. Rxd8+ Qxd8 27. Qd2
Ncd4 28. Nxd4 Nxd4 29. Qd3 e5 30. Kg2 f5 31. Nc3 g6 32. Nd5 Kg7 33. f4 Qd6 34.
Qe3 Nc6 35. Qb6 exf4 36. Qxb7+ Kh6 37. Qb6 Qe6 38. Nxf4 Qxc4 39. Qe3 Qe4+ 40.
Kf2 g5 41. Qxe4 fxe4 42. Nd5 Kg6 43. a4 Kf5 44. Ke3 Ke5 45. b5 axb5 46. axb5 Nb8
47. Nc3 h5 48. Nxe4 Kf5 49. Kd4 h4 50. Ke3 Nd7 51. h3 hxg3 52. Nxg3+ Ke5 53. Ne4
Kf5 54. Kf3 Nb6 55. Ng3+ Kg6 56. Kg4 Nd7 57. Ne4 Ne5+ 58. Kg3 Kf5 59. Nd6+ Ke6
{Game drawn by mutual agreement} 1/2-1/2

[Event "Team 45 45 League T55"]
[Site "Internet Chess Club"]
[Date "2012.11.15"]
[Round "1"]
[White "tryanything"]
[Black "Kingofknights"]
[Result "1/2-1/2"]
[WhiteElo "1587"]
[BlackElo "1516"]
[Opening "Queen's pawn, Mason variation"]
[ECO "D00"]
[Time "19:00:37"]
[TimeControl "2700+45"]

1. d4 d5 2. Bf4 Nf6 3. e3 Nbd7 4. Bd3 c5 5. c3 cxd4 6. exd4 e6 7. Nf3 Be7 8. h3
Nb6 9. O-O Nc4 10. Bxc4 dxc4 11. Qa4+ Bd7 12. Qxc4 Qb6 13. Qb3 Nd5 14. Qxb6 axb6
15. Bg3 b5 16. Ne5 b4 17. Nxd7 Kxd7 18. c4 Nf6 19. Nd2 Kc6 20. b3 Rhd8 21. Nf3
Ne4 22. Bh2 f6 23. Rfe1 f5 24. Be5 g6 25. Re2 Ra3 26. Ne1 Rda8 27. Nc2 R3a6 28.
c5 Kb5 29. Ne3 Nc3 30. Rc2 Rxa2 31. Rcxa2 Rxa2 32. Rxa2 Nxa2 33. Nc4 Nc1 34. Nd2
b6 35. cxb6 Kxb6 36. f4 Kc6 37. Kf1 Kd5 38. g3 g5 39. Kg2 gxf4 40. Bxf4 Kxd4 41.
Nf3+ Kc3 42. Bxc1 Kxb3 43. Bf4 Bf6 44. Bd6 Kc3 45. Bxb4+ Kxb4 46. Ne1 Kc3 47.
Kf3 e5 48. Ng2 Kd4 49. g4 f4 50. Nxf4 exf4 51. Kxf4 h6 52. Kf3 Kd3 53. Kg2 Bh4
54. Kh1 Ke3 55. Kg1 Kf3 56. Kh1 Kg3 57. Kg1 Kxh3 58. Kh1 Kxg4 59. Kg1 Bg3 60.
Kh1 Kf3 61. Kg1 h5 62. Kh1 h4 63. Kg1 Be1 64. Kh1 {Game drawn by mutual
agreement} 1/2-1/2

[Event "Team 45 45 League T55"]
[Site "Internet Chess Club"]
[Date "2012.11.19"]
[Round "1"]
[White "tightfist"]
[Black "PostMike"]
[Result "0-1"]
[WhiteElo "1470"]
[BlackElo "1514"]
[Opening "English opening"]
[ECO "A13"]
[Time "10:00:19"]
[TimeControl "2700+45"]

1. c4 e6 2. Nc3 f5 3. g3 Nf6 4. Bg2 Be7 5. e4 fxe4 6. Nxe4 O-O 7. Ne2 Nc6 8. O-O
Ne5 9. d3 Nxe4 10. Bxe4 Nf7 11. Qb3 c6 12. Bd2 Ng5 13. Bg2 Nf3+ 14. Bxf3 Rxf3
15. Nd4 Rf7 16. Bc3 c5 17. Nc2 b6 18. Ne3 Bb7 19. Rae1 Qc7 20. Qb5 Raf8 21. f4
Bc6 22. Qa6 Bf6 23. Bxf6 Rxf6 24. Ng4 R6f7 25. Ne5 Rf6 26. Nxc6 dxc6 27. Re5 Qd7
28. Rd1 Rf5 29. Rxf5 exf5 30. Kg2 Re8 31. Rd2 Re3 32. Qa3 Qe7 33. Qc3 Re2+ 34.
Kh3 Qe3 35. Rxe2 Qxe2 36. Qe5 Qxe5 37. fxe5 g5 38. Kg2 Kf7 39. Kf3 Ke6 40. h4 h6
41. hxg5 hxg5 42. g4 Kxe5 43. gxf5 Kxf5 44. Ke3 g4 45. Ke2 Kf4 46. Kf2 a5 47. a4
g3+ 48. Kg2 Kg4 49. Kg1 Kf3 50. Kf1 Ke3 51. Kg2 Kxd3 52. Kxg3 Kxc4 53. Kf3 Kb3
54. Ke3 Kxb2 55. Kd3 b5 56. axb5 cxb5 57. Kd2 a4 58. Kd3 a3 {White resigns} 0-1

[Event "Team 45 45 League T55"]
[Site "Internet Chess Club"]
[Date "2012.11.19"]
[Round "1"]
[White "zigzag2002"]
[Black "Nimbus"]
[Result "1/2-1/2"]
[WhiteElo "1964"]
[BlackElo "1916"]
[Opening "Pirc defense"]
[ECO "B07"]
[Time "18:00:13"]
[TimeControl "2700+45"]

1. e4 d6 2. d4 Nf6 3. Nc3 g6 4. Bd3 Bg7 5. f4 c5 6. e5 Nfd7 7. exd6 O-O 8. dxc5
Nxc5 9. dxe7 Qxe7+ 10. Nge2 Bxc3+ 11. bxc3 Re8 12. Kf2 Ne4+ 13. Bxe4 Qxe4 14.
Qd3 Bf5 15. Qxe4 Bxe4 16. Nd4 Nc6 17. Rb1 Nxd4 18. cxd4 b6 19. Rb2 Rec8 20. Be3
Rxc2+ 21. Rxc2 Bxc2 22. Rc1 {Game drawn by mutual agreement} 1/2-1/2

[Event "Team 45 45 League T55"]
[Site "Internet Chess Club"]
[Date "2012.11.20"]
[Round "1"]
[White "kllrchris"]
[Black "amax1"]
[Result "1-0"]
[WhiteElo "1657"]
[BlackElo "1376"]
[Opening "Giuoco Piano"]
[ECO "C53"]
[Time "16:00:25"]
[TimeControl "2700+45"]

1. e4 e5 2. Nf3 Nc6 3. Bc4 Bc5 4. c3 d6 5. h3 Nf6 6. d3 O-O 7. Bg5 h6 8. Bh4 Na5
9. Bb5 a6 10. Ba4 b5 11. Bc2 Re8 12. b4 Bb6 13. bxa5 Bxa5 14. O-O c6 15. Bb3 Bb6
16. Nbd2 g5 17. Nxg5 hxg5 18. Bxg5 d5 19. Qf3 Kg7 20. exd5 c5 21. Ne4 {Black
resigns} 1-0

[Event "Team 45 45 League T55"]
[Site "Internet Chess Club"]
[Date "2012.11.18"]
[Round "1"]
[White "islanderpfeifer"]
[Black "iceface"]
[Result "0-1"]
[WhiteElo "1488"]
[BlackElo "1656"]
[Opening "Queen's pawn: Yusupov-Rubinstein system"]
[ECO "A46"]
[Time "19:00:34"]
[TimeControl "2700+45"]

1. d4 Nf6 2. Nf3 e6 3. e3 b6 4. Bd3 Bb7 5. Nbd2 d6 6. O-O Nbd7 7. e4 Rc8 8. Re1
c5 9. c3 Qc7 10. Nb1 c4 11. Bc2 b5 12. h3 a6 13. Bf4 Nb6 14. e5 Nfd5 15. Bg3 Be7
16. Bh4 Nf4 17. Bxe7 Qxe7 18. Kh2 O-O 19. g3 Nfd5 20. h4 h6 21. Nbd2 dxe5 22.
dxe5 Rcd8 23. Qe2 Nd7 24. Ne4 Nc5 25. Nd6 Ba8 26. Nd4 Qc7 27. N6xb5 axb5 28.
Nxb5 Qb7 29. Qxc4 Nb6 30. Qf1 Nc4 31. b4 Nd2 32. Qh1 Qxb5 33. a4 Qc4 34. bxc5
Bxh1 35. Rxh1 Qxc5 36. f4 Qxc3 37. Rhc1 Nf3+ 38. Kh3 Qd2 39. Kg4 Rc8 40. Kxf3
Rxc2 41. Rd1 Qe2# {White checkmated} 0-1

[Event "Team 45 45 League T55"]
[Site "Internet Chess Club"]
[Date "2012.11.25"]
[Round "1"]
[White "Zumbi"]
[Black "SlimeDog2"]
[Result "1-0"]
[WhiteElo "2225"]
[BlackElo "2102"]
[Opening "Four knights: Scotch, 4...exd4"]
[ECO "C47"]
[Time "15:08:21"]
[TimeControl "2700+45"]

1. e4 e5 2. Nf3 Nf6 3. Nc3 Nc6 4. d4 exd4 5. Nxd4 Bb4 6. Nxc6 dxc6 7. Qxd8+ Kxd8
8. Bd2 Ke7 9. Bd3 b6 10. a3 Bc5 11. O-O Rd8 12. e5 Ng4 13. Rae1 Kf8 14. h3 Nh6
15. Rd1 Re8 16. Be4 Re6 17. Nb5 {Black resigns} 1-0

[Event "Team 45 45 League T55"]
[Site "Internet Chess Club"]
[Date "2012.11.14"]
[Round "1"]
[White "Tobiasdelmonte"]
[Black "cysk"]
[Result "1/2-1/2"]
[WhiteElo "1772"]
[BlackElo "1753"]
[Opening "Scandinavian: Pytel-Wade variation"]
[ECO "B01"]
[Time "22:34:50"]
[TimeControl "2700+45"]

1. e4 d5 2. exd5 Qxd5 3. Nc3 Qd6 4. Nf3 a6 5. d4 Nf6 6. g3 Bg4 7. Bg2 c6 8. O-O
e6 9. Bf4 Qd8 10. h3 Bxf3 11. Bxf3 Bd6 12. Ne2 O-O 13. c3 Bxf4 14. Nxf4 Nbd7 15.
Re1 Re8 16. Nd3 Qc7 17. Qd2 Rad8 18. Qc2 e5 19. dxe5 Nxe5 20. Nxe5 Rxe5 21. Rad1
Rxe1+ 22. Rxe1 Qc8 23. Kg2 h6 24. c4 Rd7 25. b3 Qd8 26. Re2 c5 27. Qf5 b6 28.
Qe5 Kf8 29. Bc6 Rd6 30. Bf3 Re6 31. Qb2 Rxe2 32. Qxe2 Qd6 33. Qc2 Qd7 34. Qb2
Qd4 35. Qc2 b5 36. cxb5 axb5 37. Qf5 g6 38. Qc8+ Kg7 39. a4 Ne4 40. Bxe4 Qxe4+
41. Kh2 Qd4 42. axb5 Qxf2+ 43. Kh1 Qf1+ 44. Kh2 Qxb5 45. Qc7 Qe2+ 46. Kh1 Qd1+
47. Kh2 Qc2+ 48. Kh1 Qxb3 49. Qe5+ Kh7 50. Qxc5 Qxg3 51. Qc8 Qf3+ 52. Kh2 Qf4+
53. Kh1 Qf5 54. Qc3 h5 55. Kh2 g5 56. Kg2 g4 57. hxg4 hxg4 58. Kg3 Qf3+ 59. Qxf3
gxf3 60. Kxf3 Kg6 61. Kg4 {Game drawn by mutual agreement} 1/2-1/2

[Event "Team 45 45 League T55"]
[Site "Internet Chess Club"]
[Date "2012.11.18"]
[Round "1"]
[White "bgolev"]
[Black "FourKnights"]
[Result "1-0"]
[WhiteElo "1815"]
[BlackElo "1763"]
[Opening "QGD: Semi-Tarrasch defense"]
[ECO "D40"]
[Time "20:09:54"]
[TimeControl "2700+45"]

1. Nf3 d5 2. d4 Nf6 3. c4 e6 4. Nc3 c5 5. e3 Nc6 6. Be2 dxc4 7. Bxc4 Be7 8. O-O
O-O 9. a4 cxd4 10. exd4 h6 11. h3 Bd6 12. Qe2 Re8 13. Be3 Bd7 14. Rfd1 Qe7 15.
Ne1 Nb4 16. Nd3 Nxd3 17. Qxd3 Bc6 18. Ne2 Bd5 19. Bxd5 Nxd5 20. Nc3 Nb4 21. Qe4
a6 22. Qg4 Kh8 23. d5 Nc2 24. Rac1 Nxe3 25. fxe3 Rac8 26. dxe6 Qxe6 27. Qxe6
Rxe6 28. Nd5 Rxc1 29. Rxc1 b5 30. axb5 axb5 31. Kf2 Be5 32. b3 Re8 33. Rc5 Rb8
34. Kf3 f6 35. Ne7 Bd6 36. Ng6+ Kh7 37. Rc6 Kxg6 38. Rxd6 Rb7 39. b4 Kf7 40. g3
Ke7 41. Rc6 Kd7 42. Rc5 Kd6 43. h4 g6 44. e4 h5 45. Kf4 Rb6 46. g4 hxg4 47. Kxg4
Ke6 48. h5 gxh5+ 49. Kxh5 Rb8 50. Kg4 Rb6 51. Kf4 Rb8 52. Rc6+ Ke7 53. Kf5 Rh8
54. Re6+ Kd7 55. Rxf6 Rh5+ 56. Kf4 Rh4+ 57. Ke5 Kc7 58. Kd5 Kb7 59. Re6 Kc7 60.
Re8 Kb6 61. Rf8 Kc7 62. Rf7+ Kb6 63. Rf1 Rh5+ 64. e5 Rh4 65. Re1 Rxb4 66. e6 Rc4
67. e7 Rc8 68. e8=Q Rxe8 69. Rxe8 b4 70. Kc4 {Black resigns} 1-0

[Event "Team 45 45 League T55"]
[Site "Internet Chess Club"]
[Date "2012.11.16"]
[Round "1"]
[White "Shijith"]
[Black "Pason"]
[Result "1-0"]
[WhiteElo "1978"]
[BlackElo "2045"]
[Opening "French: Tarrasch, closed variation, main line"]
[ECO "C06"]
[Time "12:04:02"]
[TimeControl "2700+45"]

1. d4 e6 2. e4 d5 3. Nd2 Nf6 4. e5 Nfd7 5. Bd3 c5 6. c3 Nc6 7. Ne2 cxd4 8. cxd4
f6 9. Nf4 Nxd4 10. Qh5+ Ke7 11. Ng6+ hxg6 12. exf6+ gxf6 13. Qxh8 Ne5 14. Qh7+
Kd6 15. Bxg6 Nxg6 16. Qxg6 e5 17. O-O Bf5 18. Qf7 Be7 19. f4 Ne2+ 20. Kh1 e4 21.
Nc4+ Kc6 22. Ne3 Bc8 23. Rd1 Bc5 24. Rxd5 Qh8 25. Rxc5+ Kxc5 26. Qc4+ Kd6 27.
Qxe2 f5 28. Nc4+ Kc7 29. Be3 Be6 30. Rc1 Rd8 31. Bxa7 {Black resigns} 1-0

[Event "Team 45 45 League T55"]
[Site "Internet Chess Club"]
[Date "2012.11.17"]
[Round "1"]
[White "koni"]
[Black "seikster"]
[Result "0-1"]
[WhiteElo "1924"]
[BlackElo "1875"]
[Opening "Sicilian"]
[ECO "B50"]
[Time "14:03:26"]
[TimeControl "2700+45"]

1. e4 c5 2. Nf3 d6 3. g3 Nf6 4. d3 Nc6 5. Bg2 g6 6. O-O Bg7 7. c3 O-O 8. Nbd2 e5
9. h3 Be6 10. a3 a5 11. a4 h6 12. Qc2 Qd7 13. Kh2 Rac8 14. Nc4 Qc7 15. Na3 d5
16. Nb5 Qd7 17. Re1 d4 18. c4 Nb4 19. Qb3 Nh5 20. Bd2 Ra8 21. Rf1 Kh7 22. Rae1
Rae8 23. Ng1 f5 24. f4 exf4 25. gxf4 fxe4 26. dxe4 g5 27. Ne2 Nxf4 28. Nxf4 Be5
29. Kg1 gxf4 30. Rf3 Qf7 31. Bf1 Rg8+ 32. Kf2 Qh5 33. Bxf4 Qh4+ 34. Ke2 Bxf4 35.
Kd1 Bg3 36. Re2 Bxh3 37. Bxh3 Qxh3 38. e5 d3 39. Ree3 Qh1+ 40. Kd2 Qh2+ 41. Kd1
Bf4 42. Rxd3 Rg1+ {White resigns} 0-1

[Event "Team 45 45 League T55"]
[Site "Internet Chess Club"]
[Date "2012.11.18"]
[Round "1"]
[White "Nb4"]
[Black "poni"]
[Result "1/2-1/2"]
[WhiteElo "1933"]
[BlackElo "1895"]
[Opening "Queen's Pawn"]
[ECO "A41"]
[Time "01:00:58"]
[TimeControl "2700+45"]

1. d4 d6 2. Nf3 g6 3. c4 Bg7 4. Nc3 Nd7 5. e4 e5 6. d5 Ngf6 7. Bd3 Nc5 8. Bc2 a5
9. h3 O-O 10. Bg5 h6 11. Be3 b6 12. a3 Bd7 13. O-O a4 14. Re1 Qe8 15. g4 g5 16.
Nd2 Kh7 17. Nf1 Ng8 18. Ng3 Ne7 19. Nh5 Ng6 20. Nxg7 Kxg7 21. Kh2 Nh4 22. Rf1
Ng6 {Game drawn by mutual agreement} 1/2-1/2

[Event "Team 45 45 League T55"]
[Site "Internet Chess Club"]
[Date "2012.11.15"]
[Round "1"]
[White "pkktet"]
[Black "Megasus"]
[Result "1-0"]
[WhiteElo "1812"]
[BlackElo "1555"]
[Opening "Sicilian: Nimzovich-Rossolimo attack (without ...d6)"]
[ECO "B30"]
[Time "04:02:55"]
[TimeControl "2700+45"]

1. e4 c5 2. Nf3 Nc6 3. Bb5 Nd4 4. Nxd4 cxd4 5. c3 e5 6. O-O a6 7. Be2 Nf6 8.
cxd4 exd4 9. e5 Nd5 10. Bf3 Nf4 11. d3 Qg5 12. Qd2 Nh3+ 13. Kh1 Be7 14. gxh3 Qh4
15. Qf4 Qxh3 16. Bg2 Qxd3 17. Nd2 Qb5 18. Ne4 h6 19. Nd6+ Bxd6 20. exd6 O-O 21.
Qxd4 Re8 22. Bd2 Qe5 23. Qxe5 Rxe5 24. Rfe1 Re6 25. Bf4 Rb8 26. Bh3 b5 27. Bxe6
fxe6 28. Kg1 Bb7 29. Rac1 Kf7 30. Rc7 Bc6 31. Rc1 {Black resigns} 1-0

[Event "Team 45 45 League T55"]
[Site "Internet Chess Club"]
[Date "2012.11.18"]
[Round "1"]
[White "koni"]
[Black "Sir-Sinister"]
[Result "0-1"]
[WhiteElo "1913"]
[BlackElo "2054"]
[Opening "Ruy Lopez: Bird's defense"]
[ECO "C61"]
[Time "13:08:26"]
[TimeControl "2700+45"]

1. e4 Nc6 2. Nf3 e5 3. Bb5 Nd4 4. Bc4 Bc5 5. O-O Nxf3+ 6. Qxf3 Qf6 7. Qg3 d6 8.
Nc3 c6 9. d3 Qg6 10. Na4 Qxg3 11. hxg3 b5 12. Nxc5 bxc4 13. Na4 cxd3 14. cxd3
Ba6 15. Rd1 c5 16. Nc3 Ne7 17. f4 f6 18. f5 Rb8 19. b3 g6 20. g4 gxf5 21. gxf5
h5 22. Be3 Rg8 23. Kf2 Kd7 24. Rh1 Rg4 25. Rxh5 Rbg8 26. Rg1 Bxd3 27. Rh6 Bxe4
28. Nxe4 Rxe4 29. Rxf6 Nd5 30. Rf7+ Ke8 31. Rxa7 Nxe3 32. Ra8+ Kf7 33. Rxg8 Kxg8
34. Kf3 d5 35. Re1 Nc4 36. Rxe4 Nd2+ 37. Ke3 Nxe4 38. a4 Nd6 39. g4 Kf7 40. a5
Kf6 41. a6 Nb5 42. Kd3 e4+ 43. Ke3 Kg5 44. Ke2 d4 45. Kd2 Na7 46. Ke2 Nc6 47.
Kd2 e3+ 48. Ke2 Kf6 49. Kf3 Ke5 50. Ke2 Na7 51. Kf3 Nb5 52. Ke2 Ke4 53. a7 d3+
54. Kd1 Nxa7 55. f6 Nb5 56. f7 Nc3+ 57. Kc1 d2+ 58. Kb2 d1=Q 59. f8=Q Qd2+ 60.
Ka3 Qa2# {White checkmated} 0-1

[Event "Team 45 45 League T55"]
[Site "Internet Chess Club"]
[Date "2012.11.17"]
[Round "1"]
[White "MeoPatacca"]
[Black "John3v16"]
[Result "1-0"]
[WhiteElo "1853"]
[BlackElo "1685"]
[Opening "Queen's pawn: London system"]
[ECO "A45"]
[Time "08:03:51"]
[TimeControl "2700+45"]

1. d4 Nf6 2. Bf4 e6 3. e3 c5 4. c3 cxd4 5. exd4 d5 6. Nd2 Bd6 7. Bxd6 Qxd6 8.
Ngf3 Nc6 9. Bd3 O-O 10. O-O Nd7 11. Re1 e5 12. dxe5 Ndxe5 13. Nxe5 Nxe5 14.
Bxh7+ Kxh7 15. Qh5+ Kg8 16. Qxe5 Qb6 17. Nb3 Be6 18. Qd4 Qd8 19. Rad1 b6 20. Qd3
Qf6 21. Nd4 Bg4 22. f3 Bh5 23. Qf5 Qxf5 24. Nxf5 f6 25. Ne7+ Kh8 26. Nxd5 Bf7
27. b3 Rfd8 28. c4 Kg8 29. Nc3 Kf8 30. Rxd8+ Rxd8 31. Rd1 Re8 32. Kf2 Ke7 33.
Re1+ Kd6 34. Rxe8 Bxe8 35. Ke3 Kc5 36. a3 Bg6 37. Ne4+ Kc6 38. Kd4 Bh7 39. b4 a6
40. h4 Bg8 41. g4 Bh7 42. a4 f5 43. Ng5 fxg4 44. Nxh7 g3 45. Ke3 Kd6 46. Ng5 g2
47. Kf2 Ke5 48. c5 bxc5 49. bxc5 g6 50. Kxg2 Kd5 51. Ne4 {Black resigns} 1-0

[Event "Team 45 45 League T55"]
[Site "Internet Chess Club"]
[Date "2012.11.13"]
[Round "1"]
[White "kabindra"]
[Black "Morphing"]
[Result "1/2-1/2"]
[WhiteElo "1732"]
[BlackElo "1686"]
[Opening "Scandinavian gambit"]
[ECO "B01"]
[Time "23:46:08"]
[TimeControl "2700+45"]

1. e4 d5 2. exd5 Nf6 3. c4 c6 4. dxc6 Nxc6 5. Nc3 Bf5 6. a3 e6 7. Nf3 Bd6 8. Be2
O-O 9. O-O Qc7 10. Nb5 Qe7 11. Nxd6 Qxd6 12. b4 b6 13. Bb2 e5 14. d4 exd4 15.
Nxd4 Nxd4 16. Qxd4 Qc6 17. Bf3 Be4 18. Bxe4 Qxe4 19. Qxe4 Nxe4 20. Rfe1 Nd6 21.
c5 bxc5 22. bxc5 Nc4 23. Bc3 Rac8 24. Bd4 Rfd8 25. Red1 Na5 26. Rab1 f6 27. Be3
Rxd1+ 28. Rxd1 Nc4 29. Rc1 Nxa3 30. c6 Nb5 31. Rb1 a6 32. Rc1 g5 33. f4 h6 34.
fxg5 hxg5 35. Bb6 Nc7 36. Ra1 Kf7 37. Bxc7 Rxc7 38. Rxa6 Ke6 39. Kf2 Kd6 40. Ke3
Rxc6 41. Rxc6+ Kxc6 42. Ke4 Kd6 43. Kf5 Ke7 44. g3 Kf7 45. h3 Kg7 46. Ke6 Kg6
47. g4 Kg7 48. Ke7 Kg6 49. Ke6 Kg7 {Game drawn by mutual agreement} 1/2-1/2

[Event "Team 45 45 League T55"]
[Site "Internet Chess Club"]
[Date "2012.11.18"]
[Round "1"]
[White "SirIvanhoe"]
[Black "subterfuge"]
[Result "0-1"]
[WhiteElo "1569"]
[BlackElo "1748"]
[Opening "Caro-Kann: Steinitz variation"]
[ECO "B17"]
[Time "19:00:21"]
[TimeControl "2700+45"]

1. e4 c6 2. d4 d5 3. Nc3 dxe4 4. Nxe4 Nd7 5. Nf3 Ngf6 6. Bd3 Nxe4 7. Bxe4 Nf6 8.
Bd3 Bg4 9. Be2 e6 10. O-O Qc7 11. Ne5 Bf5 12. Bd3 Bg6 13. Nxg6 hxg6 14. Qf3
Qxh2# {White checkmated} 0-1

[Event "Team 45 45 League T55"]
[Site "Internet Chess Club"]
[Date "2012.11.15"]
[Round "1"]
[White "Touya"]
[Black "MarshKnight"]
[Result "0-1"]
[WhiteElo "1759"]
[BlackElo "1547"]
[Opening "Polish defense"]
[ECO "A40"]
[Time "23:26:03"]
[TimeControl "2700+45"]

1. d4 b5 2. e4 a6 3. f3 Bb7 4. Bd3 e6 5. Ne2 c5 6. c3 Nc6 7. O-O Nf6 8. Be3 cxd4
9. Nxd4 Bc5 10. Qe2 Qb6 11. Nc2 Ne5 12. Nd2 d5 13. Bf2 Nxd3 14. Qxd3 Bxf2+ 15.
Rxf2 dxe4 16. Qe2 exf3 {White resigns} 0-1

[Event "Team 45 45 League T55"]
[Site "Internet Chess Club"]
[Date "2012.11.15"]
[Round "1"]
[White "misuc56"]
[Black "zap2"]
[Result "0-1"]
[WhiteElo "1855"]
[BlackElo "1856"]
[Opening "Nimzo-Indian: 4.e3 e8g8, 5.Nf3, without ...d5"]
[ECO "E50"]
[Time "15:01:27"]
[TimeControl "2700+45"]

1. d4 Nf6 2. c4 e6 3. Nc3 Bb4 4. e3 O-O 5. Nf3 b6 6. Be2 Bb7 7. h3 Bxc3+ 8. bxc3
d6 9. O-O Nc6 10. a4 Na5 11. Nd2 Ba6 12. Bb2 Re8 13. e4 e5 14. d5 Nd7 15. Ba3
Rb8 16. Bb4 Nc5 17. Re1 Qd7 18. Qc2 Rf8 19. Bxa5 bxa5 20. Bg4 Qe7 21. Kh2 Rb6
22. Reb1 Rfb8 23. Rxb6 Rxb6 24. Be2 Qe8 25. g3 Qb8 26. Ra2 Bc8 27. Nf1 Bd7 28.
Ne3 g6 29. Kg2 Qe8 30. Bd1 h5 31. g4 Qc8 32. f3 h4 33. Qf2 g5 34. Qc2 Qb8 35.
Qd2 f6 36. Kf1 Rb1 37. Ke2 Kf7 38. Kf2 Rb2 39. Rxb2 Qxb2 40. Ke2 Qxd2+ 41. Kxd2
Nxa4 42. Bxa4 Bxa4 43. Kc1 Bb3 44. Kb2 a4 45. Ka3 a5 46. Kb2 Ke7 47. c5 dxc5 48.
c4 Kd7 49. Kc3 Kd6 50. Kb2 c6 51. Kc3 cxd5 52. cxd5 Kc7 53. Kb2 Kb6 54. Kc3 Kb5
55. Kb2 c4 56. d6 Kc6 57. Nd5 Bd1 58. d7 Kxd7 59. Nxf6+ Kd6 60. Nd5 Bxf3 61. Nb6
Bxe4 62. Kc3 Bd3 63. Nxa4 Kc6 64. Nb2 Kb5 65. Nd1 Bf1 66. Ne3 Bxh3 67. Nxc4 Bxg4
68. Nxe5 Be6 69. Nf3 h3 70. Kd4 g4 {White resigns} 0-1

[Event "Team 45 45 League T55"]
[Site "Internet Chess Club"]
[Date "2012.11.16"]
[Round "1"]
[White "camerons"]
[Black "picante"]
[Result "0-1"]
[WhiteElo "1746"]
[BlackElo "1845"]
[Opening "Queen's pawn: London system"]
[ECO "A45"]
[Time "23:02:19"]
[TimeControl "2700+45"]

1. d4 Nf6 2. Bf4 e6 3. e3 c5 4. Nf3 cxd4 5. exd4 b6 6. Bd3 Bb7 7. O-O Be7 8. c4
d6 9. Nc3 O-O 10. Rc1 a6 11. Re1 Nbd7 12. a4 Re8 13. b4 Nh5 14. Be3 f5 15. d5 f4
16. Bd2 e5 17. Ne4 Rc8 18. Nfg5 Ndf6 19. Ne6 Qd7 20. N4g5 h6 21. Bf5 hxg5 22.
Nxg7 Kxg7 23. Bxd7 Rh8 24. Bxc8 Bxc8 25. g4 Bxg4 26. f3 Bf5 27. c5 bxc5 28. bxc5
g4 29. Kf2 gxf3 30. Rg1+ Ng4+ 31. Rxg4+ Bxg4 32. Qg1 Bh4+ 33. Kf1 Ng3+ 34. hxg3
fxg3 35. c6 Bh3+ 36. Ke1 f2+ {White resigns} 0-1

[Event "Team 45 45 League T55"]
[Site "Internet Chess Club"]
[Date "2012.11.18"]
[Round "1"]
[White "mongmong"]
[Black "rahulr"]
[Result "1-0"]
[WhiteElo "1616"]
[BlackElo "1514"]
[Opening "Queen's Indian: 4.e3"]
[ECO "E14"]
[Time "19:10:28"]
[TimeControl "2700+45"]

1. d4 Nf6 2. Nf3 e6 3. e3 b6 4. c4 Bb7 5. Nc3 Bb4 6. Bd3 O-O 7. O-O c5 8. Na4
cxd4 9. exd4 d5 10. c5 bxc5 11. a3 c4 12. Bxh7+ Kxh7 13. axb4 Nbd7 14. Bd2 Kg8
15. Qe2 Ne4 16. Bc3 Bc6 17. Nd2 Nxd2 18. Bxd2 Bxa4 19. Rxa4 Qb6 20. Rfa1 Nf6 21.
Bc3 Ne4 22. h4 a6 23. h5 Ra7 24. Qg4 Nxc3 25. bxc3 Rfa8 26. h6 g6 27. Qg5 Kh7
28. Ra5 f5 29. Qf4 Rg8 30. Re1 g5 31. Qe5 Rg6 32. Rc5 Kxh6 33. Rc8 Rgg7 34.
Qxe6+ Qxe6 35. Rxe6+ Kh7 36. Rc5 Rgd7 37. Ra5 f4 38. Rexa6 Rxa6 39. Rxa6 Kg7 40.
Rc6 Rb7 41. Rc5 Rd7 42. b5 Kf6 43. b6 Ke7 44. Rc6 Rd6 45. b7 Rxc6 46. b8=Q Rg6
47. Qe5+ {Black resigns} 1-0